 Dungeon Crawl Stone Soup version 0.29.0-4-gdea44cf6ec (webtiles) character file.

Game seed: 15105672358488140924

2499 Arum the Fighter (level 9, -11/79 HPs)
             Began as a Formicid Fighter on Aug 27, 2022.
             Was an Initiate of Gozag.
             Mangled by an ogre
             ... wielding a +0 giant club
              (29 damage)
             ... on level 6 of the Dungeon.
             The game lasted 00:11:22 (6931 turns).

Arum the Fighter (Formicid Fighter)                 Turns: 6931, Time: 00:11:22

Health: -11/79     AC:  9    Str: 25    XL:     9   Next: 82%
Magic:  9/9        EV:  9    Int:  8    God:    Gozag
Gold:   615        SH:  5    Dex: 13    Spells: 8/8 levels left

rFire   . . .      SeeInvis +   d - +2 quarterstaff (chaos)
rCold   . . .      Faith    .   c - +0 buckler
rNeg    . . .      Spirit   .   b - +0 scale mail
rPois   .          Reflect  .   (helmet unavailable)
rElec   .          Harm     .   h - +0 cloak
rCorr   .          Rampage  .   (no gloves)
Will    ++...                   (no boots)
Stlth   ..........              g - amulet of the acrobat
HPRegen 0.23/turn               e - ring of willpower
MPRegen 0.11/turn               j - ring of willpower

@: gold aura
A: permanent stasis, dig shafts and tunnels, antennae 3, four strong arms
a: Dig, Shaft Self, Renounce Religion, Potion Petition, Call Merchant, Bribe
Branch


You were on level 6 of the Dungeon.
You worshipped Gozag.
Gozag was pleased with you.
You visited 2 branches of the dungeon, and saw 7 of its levels.

You collected 867 gold pieces.
You spent 225 gold pieces at shops.
You paid 27 gold pieces to Gozag.

Inventory:

Hand Weapons
 a - a +1 quarterstaff
 d - a +2 quarterstaff of chaos (weapon)
Armour
 b - a +0 scale mail (worn)
 c - a +0 buckler (worn)
 h - a +0 cloak (worn)
 v - a +0 plate armour
Jewellery
 e - a ring of willpower (left hand)
 g - an amulet of the acrobat (around neck)
 j - a ring of willpower (right hand)
Wands
 r - a wand of mindburst (14)
Scrolls
 i - 2 scrolls of enchant armour
 k - 4 scrolls of immolation
 n - a scroll of fog
 o - a scroll of silence
 p - a scroll of brand weapon
 t - a scroll of noise
 u - a scroll of summoning
Potions
 f - 2 potions of flight
 l - 2 potions of attraction
 m - a potion of curing
 q - a potion of lignification
 s - 5 potions of heal wounds


   Skills:
 * Level 10.3 Fighting
 + Level 6.5 Staves
 + Level 7.6 Armour
 - Level 4.0 Shields


You had 8 spell levels left.
You didn't know any spells.
Your spell library contained the following spells:

 Spells                   Type           Power      Damage    Failure   Level
 Beastly Appendage        Tmut           0%         N/A       75%         1
 Slow                     Hex            0%         N/A       75%         1
 Sublimation of Blood     Necr           0%         N/A       86%         2
 Wereblood                Tmut           0%         N/A       86%         2
 Confusing Touch          Hex            0%         N/A       98%         3
 Gell's Gravitas          Tloc           0%         N/A       98%         3
 Teleport Other           Tloc           0%         N/A       98%         3
 Vampiric Draining        Necr           0%         2d6       98%         3
 Summon Lightning Spire   Summ/Air       0%         N/A       100%        4
 Fireball                 Conj/Fire      0%         3d3       100%        5
 Iskenderun's Battlesphe  Conj           0%         2d6       100%        5
 Conjure Ball Lightning   Conj/Air       0%         3x3d6     100%        6
 Dispersal                Tloc           0%         N/A       100%        6
 Orb of Destruction       Conj           0%         9d5       100%        7
 Storm Form               Tmut/Air       0%         N/A       100%        7
 Summon Hydra             Summ           0%         N/A       100%        7
 Maxwell's Capacitive Co  Air            0%         ∞         100%        8


Dungeon Overview and Level Annotations

Branches:
Dungeon (6/15)             Temple (1/1) D:6

Altars:
Ashenzari
Cheibriados
Dithmenos
Elyvilon
Fedhas
Gozag
Hepliaklqana
Kikubaaqudgha
Makhleb
Nemelex Xobeh
Okawaru
Ru
Sif Muna
Trog
Vehumet
Wu Jian
Xom
Yredelemnul
Zin

Shops:
D:1 *   D:5 *?


Innate Abilities, Weirdness & Mutations

You cannot be hasted, slowed, berserked, paralysed or teleported.
You can dig through walls and to a lower floor.
You have a pair of large antennae on your head. (SInv)
Your four strong arms can wield two-handed weapons with a shield.


Message History

You hit the ogre.
The ogre suddenly seems more agile.
The ogre is lightly wounded.
The hound bites you but does no damage. x2
The ogre hits you with a +0 giant club!
You sock the ogre!
The ogre goes berserk!
The ogre is heavily wounded.
The hound is distracted by your dazzling golden aura.
The ogre closely misses you.
The hound barks!
You hit the ogre. You freeze the ogre.
The ogre is heavily wounded.
You barely miss the ogre.
The ogre is heavily wounded.
The ogre hits you with a +0 giant club!
You are too injured to fight recklessly!
You are too injured to fight recklessly!
You are too injured to fight recklessly!
You are too injured to fight recklessly!
You are too injured to fight recklessly!
You are too injured to fight recklessly!
You are too injured to fight recklessly!
You are too injured to fight recklessly!
You are too injured to fight recklessly!
You are too injured to fight recklessly!
You are too injured to fight recklessly!
You are too injured to fight recklessly!
You are too injured to fight recklessly!
The hound attacks as you move away! The hound completely misses you.
The ogre attacks as you move away!
The ogre hits you with a +0 giant club!!
* * * LOW HITPOINT WARNING * * *
You barely miss the ogre.
The ogre is heavily wounded.
The hound is no longer distracted by gold.
The ogre closely misses you. The hound closely misses you.
You sock the ogre!
The ogre is poisoned.
The ogre is severely wounded.
The ogre hits you with a +0 giant club!!
You die...
Your body crumbles into a pile of gold.

#.......## ##
##.......#####
$.######
##........... ......
#..##...#### .....
#..###### ...# #..#
##...#### ####
##.$...... ######
##.O.......
##.##.####.@h####...
##...#..#....##
#....#....#.##
###.....#....##
##.....####.###
##..##.## ###
#..##### #.##
#.######


You could see an ogre (berserk, agile, very poisoned) and a hound.

Vanquished Creatures
  The ghost of Nebesus the Sneak, an amateur NaNe (D:5)
  Grinder (D:3)
  Prince Ribbit (D:5)
  A basilisk (shapeshifter) (D:6)
  Menkaure (D:5)
  Duvessa (D:5)
  2 ice beasts (D:6)
  A centaur (D:5)
  2 ogres (D:5)
  A phantom (D:5)
  A bullfrog (D:5)
  A scorpion (D:5)
  Dowan (D:5)
  2 hounds
  3 orc priests
  2 jellies
  Crazy Yiuf (D:2)
  6 orc wizards
  6 iguanas
  8 gnolls (D:4)
  8 adders
  A shadow imp (D:6)
  2 ufetubi (D:5)
  4 worms
  5 dart slugs
  17 orcs
  8 endoplasms
  2 giant cockroaches
  9 goblins
  8 hobgoblins
  2 quokkas
  10 ball pythons
  5 bats
  7 frilled lizards
  4 kobolds
  4 rats
139 creatures vanquished.

Notes
Turn   | Place    | Note
-------+----------+-------------------------------------------
     0 | D:1      | Arum the Formicid Fighter began the quest for the Orb.
     0 | D:1      | Reached XP level 1. HP: 18/18 MP: 1/1
    43 | D:1      | Found a faded altar of an unknown god.
   132 | D:1      | Reached XP level 2. HP: 24/24 MP: 2/2
   387 | D:1      | Reached XP level 3. HP: 27/30 MP: 3/3
   434 | D:1      | Reached skill level 4 in Fighting
   510 | D:1      | Found Ipneecro's Assorted Antiques.
  1030 | D:2      | Found a runed translucent door.
  1031 | D:2      | Noticed Crazy Yiuf
  1038 | D:2      | Killed Crazy Yiuf
  1039 | D:2      | Reached XP level 4. HP: 34/38 MP: 4/4
  1808 | D:3      | Found an opulent altar of Gozag.
  1814 | D:3      | Became a worshipper of Gozag Ym Sagoz the Greedy
  1853 | D:3      | Reached XP level 5. HP: 43/43 MP: 5/5
  2199 | D:3      | Noticed Grinder
  2218 | D:3      | Killed Grinder
  2219 | D:3      | Reached skill level 5 in Fighting
  2219 | D:3      | Reached XP level 6. HP: 8/52 MP: 6/6
  2482 | D:3      | Found a shimmering blue altar of Sif Muna.
  2515 | D:3      | Reached skill level 6 in Fighting
  2616 | D:3      | Got Sif Muna's Compendium of Metamorphosis
  2758 | D:3      | Found a snail-covered altar of Cheibriados.
  2856 | D:4      | Reached XP level 7. HP: 56/56 MP: 7/7
  3040 | D:4      | Reached skill level 5 in Armour
  4081 | D:4      | Reached skill level 7 in Fighting
  4240 | D:5      | Entered Level 5 of the Dungeon
  4402 | D:5      | Reached XP level 8. HP: 53/66 MP: 8/8
  4651 | D:5      | Noticed Menkaure
  4656 | D:5      | Killed Menkaure
  5058 | D:5      | Reached skill level 8 in Fighting
  5058 | D:5      | Reached skill level 5 in Staves
  5110 | D:5      | Found a runed translucent door.
  5117 | D:5      | Noticed Nebesus's ghost (amateur NaNe)
  5126 | D:5      | Noticed Duvessa
  5129 | D:5      | Noticed Dowan
  5139 | D:5      | Killed Duvessa
  5144 | D:5      | Noticed Prince Ribbit
  5151 | D:5      | Killed Prince Ribbit
  5166 | D:5      | Killed Dowan
  5167 | D:5      | Reached XP level 9. HP: 30/75 MP: 9/9
  5598 | D:5      | Reached skill level 9 in Fighting
  5766 | D:5      | Found Ihuoj's Gadget Gallery.
  5944 | D:5      | Found Xuomoz's Magic Scroll Boutique.
  5949 | D:5      | Bought a scroll of identify for 22 gold pieces
  5949 | D:5      | Bought a scroll of identify for 22 gold pieces
  5957 | D:5      | Bought a scroll of identify for 22 gold pieces
  5957 | D:5      | Bought a scroll of identify for 22 gold pieces
  5957 | D:5      | Bought a scroll of identify for 22 gold pieces
  5957 | D:5      | Bought a scroll of noise for 11 gold pieces
  5957 | D:5      | Bought a scroll of summoning for 104 gold pieces
  6074 | D:5      | Killed Nebesus's ghost
  6554 | D:6      | Reached skill level 10 in Fighting
  6766 | D:6      | Found a staircase to the Ecumenical Temple.
  6786 | Temple   | Entered the Ecumenical Temple
  6931 | D:6      | Mangled by an ogre

Illustrated notes

Levels and vault maps discovered:
D:1:      dpeg_arrival_arbitrary_c, layout_basic, serial_shops,
          nicolae_shop_stone, ebering_ecumenical_altar_abandoned
D:2:      layout_basic, uniq_crazy_yiuf_cottage
D:3:      layout_loops_ring, grunt_gozag_statues, led_sif_book,
          general_overflow_altar, minmay_statues_item, uniq_grinder
D:4:      layout_basic
D:5:      layout_basic, serial_shops, shop, ebering_ghost_sewer_d,
          nicolae_shop_gadgets, uniq_menkaure, uniq_prince_ribbit1, uniq_duvessa
D:6:      layout_layer_cave, minmay_temple_entry_grid,
          minmay_a_box_with_orc_wizards_in_it
Temple:   nicolae_temple_superstar

Skill      XL: |  1  2  3  4  5  6  7  8  9 |
---------------+----------------------------+-----
Fighting       | 4 5 6 7 8 10 | 10.3
Armour         | 4 5 6 7 |  7.6
Staves         | 3 4 5 6 |  6.5
Shields        | |  4.0

Action                   |  1- 3 |  4- 6 |  7- 9 || total
-------------------------+-------+-------+-------++-------
Melee: Quarterstaff      |    71 |    66 |   260 ||   397
 Abil: Dig               |       |     5 |     3 ||     8
  Use: Scroll            |     7 |     3 |     9 ||    19
       Potion            |     1 |     3 |       ||     4
 Stab: Confused          |       |       |     2 ||     2
       Distracted        |       |       |     1 ||     1
Armor: Scale mail        |    23 |    26 |    82 ||   131
Dodge: Dodged            |    25 |    21 |   100 ||   146
Block: Buckler           |     9 |    12 |    53 ||    74
